 Dungeon Crawl Stone Soup version 0.30.1 (webtiles) character file.

Game seed: 17283953353592988603

4254 Pepete the Arsonist (level 10, 0/56 HPs)
             Began as an Octopode Fire Elementalist on July 9, 2023.
             Was a Follower of Makhleb.
             Slain by a sky beast (1 damage)
             ... on level 8 of the Dungeon.
             The game lasted 00:26:02 (16980 turns).

Pepete the Arsonist (Octopode Fire Elementalist)   Turns: 16980, Time: 00:26:04

Health: 0/56       AC:  3    Str:  8    XL:     10   Next: 31%
Magic:  17/24      EV: 14    Int: 21    God:    Makhleb [*.....]
Gold:   443        SH:  0    Dex: 13    Spells: 11/24 levels left

rFire   . . .        (no weapon)
rCold   . . .        (no shield)
rNeg    + . .        (helmet restricted)
rPois   .            (no amulet)
rElec   .            p - ring of positive energy
rCorr   .            (no ring)
SInv    .            (no ring)
Will    .....        (no ring)
Stlth   ++++         (no ring)
HPRegen 0.29/turn    (no ring)
MPRegen 0.19/turn    (no ring)
                     (no ring)

%: no passive effects
@: about to teleport, unable to drink
A: almost no armour, amphibious, 8 rings, camouflage 1, gelatinous body 1,
nimble swimmer 1, tentacles, iridescent scales 1, high MP 1, inability to drink
after injury 1
a: Renounce Religion


You were on level 8 of the Dungeon.
You worshipped Makhleb.
Makhleb was aware of your devotion.
You visited 2 branches of the dungeon, and saw 11 of its levels.
You also visited: Sewer.

You collected 443 gold pieces.

Inventory:

Missiles
 f - 3 curare-tipped darts
Magical Staves
 h - a staff of air
Jewellery
 p - a ring of positive energy (left tentacle)
Wands
 l - a wand of charming (7)
Scrolls
 m - 2 scrolls of enchant armour
 q - a scroll of acquirement
Potions
 a - 2 potions of resistance
 d - a potion of cancellation {unknown}
 g - a potion of brilliance
 i - 3 potions of curing
 j - a potion of heal wounds
 k - a potion of attraction
 o - 2 potions of flight
 r - a potion of lignification {unknown}
 s - a potion of degeneration


   Skills:
 * Level 3.3 Dodging
 - Level 2.6 Stealth
 * Level 7.9 Spellcasting
 * Level 8.4 Conjurations
 * Level 8.9 Fire Magic


You had 11 spell levels left.
You knew the following spells:

 Your Spells              Type           Power      Damage    Failure   Level
a - Foxfire               Conj/Fire      100%       2x1d9     1%          1
b - Scorch                Fire           90%        2d9       1%          2
c - Summon Guardian Gole  Hex/Summ       8%         N/A       24%         3
d - Flame Wave            Conj/Fire      44%        2d11      2%          4
e - Volatile Blastmotes   Fire/Tloc      54%        2d14      3%          3

Your spell library contained the following spells:

 Spells                   Type           Power      Damage    Failure   Level
 Sticky Flame             Conj/Fire      44%        2d6       2%          4
 Inner Flame              Hex/Fire       27%        N/A       3%          3
 Dazzling Flash           Conj/Hex       52%        N/A       4%          3
 Stone Arrow              Conj/Erth      52%        3d10      4%          3
 Ignite Poison            Fire/Tmut/Pois 20%        N/A       7%          3
 Necrotise                Necr           32%        1d5       9%          1
 Sandblast                Erth           16%        2d6       9%          1
 Ensorcelled Hibernation  Hex/Ice        16%        N/A       12%         2
 Passwall                 Tmut/Erth      6%         N/A       12%         2
 Spider Form              Tmut/Pois      8%         N/A       24%         3
 Vampiric Draining        Necr           8%         2d6       24%         3
 Anguish                  Hex/Necr       4%         N/A       63%         4
 Orb of Destruction       Conj           21%        9d8       91%         7
 Agony                    Necr           8%         N/A       92%         5
 Silence                  Hex/Air        4%         N/A       92%         5
 Spellforged Servitor     Conj/Summ      13%        N/A       100%        7
 Ignition                 Fire           22%        3d8       100%        8
 Lehudib's Crystal Spear  Conj/Erth      13%        10d4      100%        8
 Animate Armour           Summ/Erth      Unusable   N/A       N/A         4

Dungeon Overview and Level Annotations

Branches:
Dungeon (10/15)            Temple (1/1) D:5            Lair (0/5) D:8
  Sewer (visited)
    Orc: D:9-12

Altars:
Ashenzari
Dithmenos
Elyvilon
Fedhas
Gozag
Hepliaklqana
Kikubaaqudgha
Makhleb
Nemelex Xobeh
Okawaru
Qazlal
Ru
Sif Muna
Trog
Uskayaw
Vehumet
Wu Jian
Xom
Yredelemnul
Zin
The Shining One

Shops:
D:4 *   D:5 :

Annotations:
D:3 2 transporters, turdburglar's ghost, novice VSFi
D:9 2 transporters, Aerthanath's ghost, journeyman HOFi; Erolcha; Harold


Innate Abilities, Weirdness & Mutations

You cannot wear most types of armour.
You are amphibious.
You can wear up to eight rings at the same time.
Your skin changes colour to match your surroundings (Stealth+).
Your rubbery body absorbs attacks. (AC +1, EV +1)
You are camouflaged when in or above water. (Stealth+)
You have tentacles for arms and can constrict up to eight enemies at once.
You are partially covered in iridescent scales. (AC +2)
You have an increased reservoir of magic. (+10% MP)
You occasionally lose the ability to drink potions when taking damage.


Message History

The wyvern is engulfed in a cloud of scalding steam.
The wyvern bites you!
You feel threatened and lose the ability to drink potions!
The orc throws a boomerang.
The boomerang completely misses you. Something hits you. Something shocks you.
* * * LOW HITPOINT WARNING * * *
The wyvern bites you.
* * * LOW HITPOINT WARNING * * *
Casting: Scorch (safe; 1% risk of failure)
Confirm with . or Enter, or press ? or * to list all spells.
You don't know that spell.
Unknown command.
You cannot drink potions in your current state!
You cannot drink potions in your current state!
As you read the scroll of teleportation, it crumbles to dust.
You feel strangely unstable.
The orc throws a boomerang.
The boomerang misses you.
The wyvern is engulfed in a cloud of scalding steam.
The wyvern misses you. Something hits you.
* * * LOW HITPOINT WARNING * * *
Something shocks you.
* * * LOW HITPOINT WARNING * * *
This is a scroll of acquirement!
You hear a splash.
Something appears before you!
The wyvern is engulfed in a cloud of scalding steam.
You kill the wyvern!
Makhleb accepts your kill.
The orc throws a boomerang.
The boomerang barely misses you.
A sky beast appears from thin air!
Reactivating autopickup.
The sky beast closely misses you.
Casting: Scorch (safe; 1% risk of failure)
Confirm with . or Enter, or press ? or * to list all spells.
Flames lash the sky beast.
The sky beast is severely wounded.
The orc throws a boomerang.
The boomerang hits you.
* * * LOW HITPOINT WARNING * * *
The sky beast hits you.
You die...

#..........###.
..##......#+#.# #.
#######.#######. ..# #.
..........#..'. ...##..
..†.....(...#.........
#.......§§......##..#
#)≈≈≈≈§≈≈≈§).. #.#
####.≈......§§... #.
#....≈.@§≈≈§.≈... #.
#.##.≈.≈Y..≈.≈§..
#..≈.≈._.≈§§§##...#'##
#..≈.†~..≈.≈§.#.......
#..≈.≈≈≈.≈.§§.#.......
.#..≈..o....§..#.......
.....≈§≈)≈≈≈≈≈..#.......
...........(.).##:......
.....§..##.#.#.##.......


You could see a sky beast (combustible) and an orc.

Vanquished Creatures
  Maggie (D:8)
  Sigmund (D:6)
  3 wyverns
  A yak (D:8)
  Menkaure (D:5)
  An acid dragon (D:9)
  3 water moccasins
  An orc warrior (D:8)
  2 black bears (D:6)
  A sky beast (D:6)
  2 ogres
  2 phantoms
  2 centaurs
  3 kobold brigands
  2 bullfrogs
  A scorpion (D:6)
  4 wights (D:4)
  3 killer bees (D:9)
  A nameless horror (D:8)
  3 howler monkeys
  4 hounds
  3 jellies
  4 orc priests
  Jessica (D:3)
  3 iguanas
  Terence (D:2)
  6 orc wizards
  Robin (D:3)
  12 gnolls
  12 adders
  3 river rats (Sewer)
  An ufetubus (D:4)
  A worm (D:2)
  3 dart slugs
  17 orcs
  7 ball pythons
  2 endoplasms
  3 giant cockroaches
  18 goblins
  13 hobgoblins
  2 jackals (Sewer)
  8 kobolds
  6 quokkas
  4 bats
  3 frilled lizards
  5 rats
181 creatures vanquished.

Vanquished Creatures (others)
  783 foxfires
783 creatures vanquished.

Grand Total: 964 creatures vanquished

Notes
Turn   | Place    | Note
-------+----------+-------------------------------------------
     0 | D:1      | Pepete the Octopode Fire Elementalist began the quest for
                  | the Orb.
     0 | D:1      | Reached XP level 1. HP: 11/11 MP: 3/3
   977 | D:1      | Reached XP level 2. HP: 17/17 MP: 1/5
  2242 | D:2      | Reached XP level 3. HP: 21/21 MP: 1/6
  2435 | D:2      | Learned a level 2 spell: Scorch
  2839 | D:2      | Noticed Terence
  2861 | D:2      | Killed Terence
  2862 | D:2      | Reached XP level 4. HP: 27/27 MP: 4/8
  3210 | D:2      | Noticed an ogre
  3219 | D:2      | Killed an ogre
  3220 | D:2      | Reached XP level 5. HP: 31/31 MP: 0/9
  4850 | D:3      | Noticed Jessica
  4852 | D:3      | Killed Jessica
  5093 | D:3      | Noticed a water moccasin
  5100 | D:3      | Killed a water moccasin
  5101 | D:3      | Reached XP level 6. HP: 36/36 MP: 8/11
  5308 | D:3      | Gained mutation: You are partially covered in iridescent
                  | scales. (AC +2) [potion of mutation]
  5308 | D:3      | Gained mutation: You occasionally lose the ability to drink
                  | potions when taking damage. [potion of mutation]
  5308 | D:3      | Gained mutation: You have an increased reservoir of magic.
                  | (+10% MP) [potion of mutation]
  5588 | D:3      | Noticed Robin
  5996 | D:3      | Killed Robin
  6469 | D:3      | Found a glowing silver altar of Zin.
  6825 | D:3      | Identified the +3 halberd of Impatience {pain, Will+}
  6846 | D:3      | Found a transporter.
  6855 | D:3      | Found a transporter.
  6855 | D:3      | Noticed turdburglar's ghost (novice VSFi)
  7189 | D:4      | Reached skill level 5 in Fire Magic
  7411 | D:4      | Reached XP level 7. HP: 41/41 MP: 9/14
  8902 | D:4      | Found Aptax's General Store.
  9356 | D:5      | Entered Level 5 of the Dungeon
  9477 | D:5      | Found Sikh's Vocational Training.
  9516 | D:5      | Reached skill level 5 in Spellcasting
  9516 | D:5      | Reached skill level 5 in Conjurations
  9516 | D:5      | Reached XP level 8. HP: 42/46 MP: 7/17
  9702 | D:5      | Found a sacrificial altar of Ru.
 10906 | D:5      | Found a staircase to the Ecumenical Temple.
 10911 | Temple   | Entered the Ecumenical Temple
 11119 | Temple   | Became a worshipper of Makhleb the Destroyer
 11192 | D:5      | Noticed Menkaure
 11197 | D:5      | Killed Menkaure
 12201 | D:6      | Noticed Sigmund
 12204 | D:6      | Found a glowing drain.
 12214 | Sewer    | Entered a sewer
 12888 | Sewer    | Found a glowing silver altar of Zin.
 13048 | D:6      | Killed Sigmund
 13147 | D:6      | Reached XP level 9. HP: 51/51 MP: 13/20
 14669 | D:7      | Learned a level 3 spell: Summon Guardian Golem
 14674 | D:7      | Learned a level 4 spell: Flame Wave
 14678 | D:7      | Learned a level 3 spell: Volatile Blastmotes
 15790 | D:8      | You fall into a shaft and drop 2 floors!
 15790 | D:10     | Entered Level 10 of the Dungeon
 15846 | D:9      | Noticed Harold
 15859 | D:9      | Found a transporter.
 15862 | D:9      | Noticed a tengu warrior
 15865 | D:9      | Noticed a moth of wrath
 15866 | D:9      | Noticed Aerthanath's ghost (journeyman HOFi)
 15867 | D:9      | Noticed a troll
 15868 | D:9      | Found a bloodstained altar of Trog.
 16234 | D:9      | Noticed Erolcha
 16284 | D:9      | Found a transporter.
 16359 | D:8      | Noticed Maggie
 16367 | D:8      | Killed Maggie
 16368 | D:8      | Reached XP level 10. HP: 56/56 MP: 12/23
 16544 | D:8      | Found a staircase to the Lair.
 16646 | D:8      | Found an iron altar of Okawaru.
 16659 | D:8      | Found an opulent altar of Gozag.
 16735 | D:8      | Reached * piety under Makhleb
 16746 | D:8      | Noticed a two-headed ogre
 16979 | D:8      | Identified 2 scrolls of acquirement
 16979 | D:8      | Acquired a staff of conjuration
 16980 | D:8      | HP: 1/56 [orc/boomerang (3)]
 16980 | D:8      | Slain by a sky beast

Illustrated notes

Levels and vault maps discovered:
D:1:      ebering_hopf_link, layout_loops_ring
D:2:      layout_basic, uniq_terence
D:3:      layout_basic, zin_scriptorium, gammafunk_ghost_gnarly_gnolls,
          guppyfry_early_orc_mine, uniq_robin, uniq_jessica
D:4:      layout_basic, serial_shops, nicolae_shop_real_fake_doors,
          serial_rivers, chequers_serial_rivers_micro_c,
          chequers_serial_rivers_micro_d, chequers_serial_rivers_small_a,
          chequers_serial_rivers_small_a, chequers_serial_rivers_marsh,
          chequers_serial_rivers_small_b
D:5:      layout_loops_ring, nicolae_ru_sacrificial_ziggurat, temple_statues,
          hangedman_abyss_or_decor_jellyfish_corner, nicolae_shop_vocational,
          uniq_menkaure
D:6:      layout_gridville, portal_sewer_entry_d, grunt_ministairs_12,
          uniq_sigmund
D:7:      layout_gridville
D:8:      minmay_recursive_quarters, layout_basic,
          mainiacjoe_overflow_concentric_impassable, okawaru_altar_gauntlet_db,
          lair_entry_dummy, uniq_maggie
D:9:      layout_stronghold, slow_altar_2, gammafunk_ghost_wrathful_warriors,
          uniq_maurice, uniq_erolcha, uniq_harold
D:10:     layout_cave_pools, enter_bailey_3, special_room [special_room_orc]
Temple:   bh_familiar_temple

Skill      XL: |  1  2  3  4  5  6  7  8  9 10 |
---------------+-------------------------------+-----
Conjurations   | 2 3 5 6 8 |  8.4
Spellcasting   | 3 4 5 6 7 |  7.9
Fire Magic     | 4 5 7 8 |  8.9
Dodging        | 3 |  3.3
Stealth        | |  2.6

Action                     |  1- 3 |  4- 6 |  7- 9 | 10-12 || total
---------------------------+-------+-------+-------+-------++-------
  Melee: Unarmed           |       |       |     1 |     3 ||     4
   Cast: Foxfire           |    64 |   120 |   228 |    71 ||   483
         Scorch            |     4 |    27 |    60 |     7 ||    98
         Summon Guardian G |       |       |     1 |       ||     1
         Volatile Blastmot |       |       |       |     2 ||     2
    Use: Potion            |     1 |     4 |     8 |     3 ||    16
         Scroll            |       |     5 |    12 |     6 ||    23
 Armour: Skin              |     4 |     3 |     8 |     2 ||    17
  Dodge: Dodged            |    15 |    25 |    39 |    18 ||    97
